 Dungeon Sprint DCSS version 0.23-a0-494-g91793a9 (webtiles) character file.

291 JosiahThimblerig the Ruffian (level 6, -9/54 (56) HPs)
             Began as a Ghoul Warper on Dec 3, 2018.
             Was an Initiate of Vehumet.
             Mangled by a yak (18 damage)
             ... in the Dungeon (Sprint I: "Red Sonja").
             The game lasted 00:07:35 (858 turns).

JosiahThimblerig the Ruffian (Ghoul Warper)          Turns: 858, Time: 00:07:36

HP:   -9/54 (56)    AC:  2    Str: 15    XL:     6   Next: 32%
MP:   10/12         EV: 13    Int: 10    God:    Vehumet [......]
Gold: 176           SH:  0    Dex:  8    Spells: 0/14 levels left

rFire    . . .     SeeInvis .     - Unarmed
rCold    + . .     Gourm    .   (no shield)
rNeg     + + +     Faith    .   h - +0 robe
rPois    ∞         Spirit   .   (no helmet)
rElec    .         Reflect  .   (no cloak)
rCorr    .         Harm     .   (no gloves)
MR       .....     NoTele   +   (no boots)
Stlth    +.........             (no amulet)
HPRegen  0.00/turn              (no ring)
MPRegen  0.13/turn              (no ring)

@: rotting
A: rotting body, claws 1, carnivore, cold resistance 1, negative energy
resistance 3, inhibited regeneration, torment resistance, unbreathing
a: Renounce Religion


You were in the Dungeon.
You worshipped Vehumet.
Vehumet was noncommittal.
You were not hungry.

You visited 1 branch You collected 176 gold pieces.

Inventory:

Hand Weapons
 b - a +0 dagger
 e - a +0 scythe
 l - a +0 giant spiked club
Missiles
 d - 2 tomahawks of dispersal (quivered)
Armour
 a - a +0 leather armour
 g - a +0 scale mail
 h - a +0 robe (worn)
Scrolls
 c - 2 scrolls of blinking
 k - a scroll of enchant armour {unknown}
Potions
 i - 2 potions of magic
 j - a potion of berserk rage
Comestibles
 f - a ration


   Skills:
 + Level 5.1 Fighting
 + Level 2.2 Throwing
 + Level 3.4 Armour
 + Level 4.6 Dodging
 + Level 0.2 Stealth
 + Level 7.2 Unarmed Combat
 + Level 4.9 Spellcasting
 + Level 5.6 Translocations


You couldn't memorise any spells.
You knew the following spells:

 Your Spells              Type           Power        Failure   Level  Hunger
a - Blink                 Tloc           N/A          3%          2    ##.....
b - Gell's Gravitas       Tloc           ##........   7%          3    ###....
c - Teleport Other        Tloc           ##......     7%          3    ###....
d - Shroud of Golubria    Chrm/Tloc      #.........   11%         2    ##.....
e - Passage of Golubria   Tloc           N/A          22%         4    #####..

Your spell library contained the following spells:

 Spells                   Type           Power        Failure   Level  Hunger
 Lesser Beckoning         Tloc           ##........   7%          3    ###....


Dungeon Overview and Level Annotations

Branches:
Dungeon (1/1)

Altars:
Cheibriados
Dithmenos
Elyvilon
Fedhas
Gozag
Hepliaklqana
Kikubaaqudgha
Nemelex Xobeh
Okawaru
Qazlal
Ru
Sif Muna
Trog
Uskayaw
Vehumet
Wu Jian
Yredelemnul
Zin
The Shining One

Shops:
D (


Innate Abilities, Weirdness & Mutations

Your body is rotting away.
You thrive on raw meat.
You are immune to poison.
You have sharp fingernails.
You are carnivorous and can eat meat at any time.
Your flesh is cold resistant. (rC+)
You are immune to negative energy. (rN+++)
You do not regenerate when monsters are visible.
You are immune to unholy pain and torment.
You can survive without breathing.


Message History

The yak is lightly wounded.
The yak gores you!
You barely miss the yak.
The yak is lightly wounded.
The yak gores you!
* * * LOW HITPOINT WARNING * * *
Casting: Blink (safe; 3% risk of failure)
Confirm with . or Enter, or press ? or * to list all spells.
You blink.
Found eight altars.
Throwing (i - inventory)
d - 3 tomahawks of dispersal (quivered)
Press: ? - help, Shift-Dir - straight line, f - yak
Aim: a yak (lightly wounded)
You throw a tomahawk of dispersal.
The tomahawk of dispersal hits the yak but does no damage.
The yak is lightly wounded.
You scratch the yak.
The yak is lightly wounded.
The yak gores you!!
You die...

################
#<.#..'..#..'..#
#.÷'..#..'..#..+
#..#####'#####'#
#..####..# #.#
#..#__#### ##.#
#..#_____##+#_.+
#⌠⌠#_.∩@Y.'..._#
####_..__##_.#+#
#_____###+#
#######


You could see a yak.

Vanquished Creatures
  Sigmund (D)
  An ogre (D)
  A jelly (D)
  Ijyb (D)
4 creatures vanquished.

Vanquished Creatures (others)
  A gargoyle (D)
1 creature vanquished.

Grand Total: 5 creatures vanquished

Notes
Turn   | Place    | Note
-------+----------+-------------------------------------------
     0 | D        | JosiahThimblerig the Ghoul Warper began the quest for the
                  | Orb.
     0 | D        | Reached XP level 1. HP: 17/17 MP: 2/2
     2 | D        | Noticed Ijyb
    40 | D        | Killed Ijyb
    40 | D        | Reached skill level 1 in Throwing
    40 | D        | Reached skill level 1 in Armour
    40 | D        | Reached skill level 3 in Unarmed Combat
    40 | D        | Reached XP level 2. HP: 18/26 MP: 3/5
    40 | D        | Reached XP level 3. HP: 22/31 MP: 3/6
   214 | D        | Killed a gargoyle
   259 | D        | Learned a level 2 spell: Blink
   263 | D        | Learned a level 3 spell: Gell's Gravitas
   264 | D        | Noticed an ogre
   277 | D        | Killed an ogre
   277 | D        | Reached skill level 5 in Unarmed Combat
   277 | D        | Reached XP level 4. HP: 12/39 MP: 4/8
   438 | D        | Noticed Sigmund
   459 | D        | Killed Sigmund
   459 | D        | Reached skill level 5 in Fighting
   459 | D        | Reached skill level 7 in Unarmed Combat
   459 | D        | Reached skill level 5 in Translocations
   459 | D        | Reached XP level 5. HP: 33/48 MP: 9/11
   459 | D        | Reached XP level 6. HP: 39/56 MP: 9/12
   737 | D        | Learned a level 3 spell: Teleport Other
   740 | D        | Learned a level 2 spell: Shroud of Golubria
   745 | D        | Learned a level 4 spell: Passage of Golubria
   756 | D        | Found an ornate altar of the Wu Jian Council.
   756 | D        | Found a deep blue altar of Sif Muna.
   758 | D        | Found a radiant altar of Vehumet.
   849 | D        | Became a worshipper of Vehumet
   850 | D        | Found Eqiatsok's Weapon Emporium.
   850 | D        | Found an ancient bone altar of Kikubaaqudgha.
   850 | D        | Found a stormy altar of Qazlal.
   850 | D        | Found a blossoming altar of Fedhas.
   850 | D        | Found a bloodstained altar of Trog.
   850 | D        | Found an iron altar of Okawaru.
   850 | D        | Found a glowing golden altar of the Shining One.
   850 | D        | Found a glowing silver altar of Zin.
   850 | D        | Found a white marble altar of Elyvilon.
   850 | D        | Noticed a yak
   856 | D        | Found a hide-covered altar of Uskayaw.
   856 | D        | Found a hazy altar of Hepliaklqana.
   856 | D        | Found a basalt altar of Yredelemnul.
   856 | D        | Found an opulent altar of Gozag.
   856 | D        | Found a sparkling altar of Nemelex Xobeh.
   856 | D        | Found a snail-covered altar of Cheibriados.
   856 | D        | Found a sacrificial altar of Ru.
   856 | D        | Found a shadowy altar of Dithmenos.
   858 | D        | Mangled by a yak

Vault maps used:
D:        dungeon_sprint_1

Skill      XL: |  1  2  3  4 |
---------------+-------------+-----
Fighting       | 3 4 5 |  5.1
Throwing       | 1 2 |  2.2
Armour         | 1 2 3 |  3.4
Dodging        | 2 3 4 |  4.6
Unarmed Combat | 3 5 7 |  7.2
Spellcasting   | 3 4 |  4.9
Translocations | 4 5 |  5.6
Stealth        | |  0.2

Action                   |  1- 3 |  4- 6 || total
-------------------------+-------+-------++-------
Melee: Unarmed           |    45 |    23 ||    68
       Punch             |     1 |     1 ||     2
Throw: Tomahawk          |     2 |     1 ||     3
 Cast: Blink             |     1 |     1 ||     2
  Use: Potion            |     1 |     2 ||     3
  Eat: Chunk             |       |     1 ||     1
Armor: Leather armour    |     9 |     1 ||    10
Dodge: Dodged            |    20 |    10 ||    30

Table legend:
 A = Non-vault XP
 B = Vault XP
 C = Vault XP percentage of total XP
 D = Non-vault monster count
 E = Vault monster count
 F = Vault count percentage of total count
                 A         B        C        D         E       F
            +---------+---------+-------+---------+---------+-------
      Total |       0 |     417 | 100.0 |       0 |       4 | 100.0
            +---------+---------+-------+---------+---------+-------
          D |       0 |     417 | 100.0 |       0 |       4 | 100.0
            +---------+---------+-------+---------+---------+-------
